 Dungeon Crawl Stone Soup version bcrawl-1.21.3-16-g7f46a08de7 (webtiles) character file.

Game seed: 9590449021235649674

918 Anathary the Slasher (level 7, -3/55 HPs)
             Began as a Demonspawn Fighter on May 3, 2020.
             Succumbed to Duvessa's poison
             ... on level 5 of the Dungeon.
             The game lasted 00:16:35 (4633 turns).

Anathary the Slasher (Demonspawn Fighter)           Turns: 4633, Time: 00:16:35

Health: -3/55      AC:  9    Str: 17    XL:     7   Next: 83%
Magic:  4/7        EV:  3    Int:  9    God:
Gold:   605        SH: 11    Dex: 14    Spells: 6/6 levels left

rFire    . . .     SeeInvis .   a - +5 long sword
rCold    . . .     Gourm    .   c - +0 medium shield
rNeg     . . .     Faith    .   l - +0 plate armour
rPois    .         Spirit   +   (no helmet)
rElec    .         Reflect  .   (no cloak)
rCorr    +         Harm     .   (no gloves)
MR       +....                  (no boots)
Stlth    ..........             (no amulet)
HPRegen  0.18/turn              f - ring of resist corrosion
MPRegen  0.20/turn              n - ring of protection from magic

@: lethally poisoned (-3 -> -47), corroded
A: claws 1, demonic guardian 1, magic shield, magic regeneration
a: no special abilities


You were on level 5 of the Dungeon.
You were not hungry.

You visited 1 branch of the dungeon, and saw 5 of its levels.

You collected 605 gold pieces.

Inventory:

Hand Weapons
 a - a +5 long sword (weapon)
Armour
 c - a +0 medium shield (worn)
 l - a +0 plate armour (worn)
Jewellery
 f - a ring of resist corrosion (left claw)
 n - a ring of protection from magic (right claw)
 q - a cursed ring of teleportation {unknown}
 v - an uncursed ring of see invisible {unknown}
Scrolls
 j - 2 scrolls of remove curse
 m - 3 scrolls of teleportation
Potions
 d - 2 potions of might
 h - 3 potions of curing
 i - 5 potions of lignification
 k - a potion of agility {unknown}
 o - a potion of magic {unknown}
 t - 3 potions of heal wounds {unknown}
 u - a potion of resistance {unknown}
Comestibles
 e - 8 rations {!d}


   Skills:
 + Level 4.4 Fighting
 + Level 5.6 Long Blades
 + Level 4.1 Armour
 + Level 1.0 Stealth
 + Level 4.8 Shields
 + Level 0.6 Unarmed Combat


You had 6 spell levels left.
You didn't know any spells.
Your spell library contained the following spells:

 Spells                   Type           Power        Failure   Level  Hunger
 Magic Dart               Conj           #...         100%        1    ##.....
 Blink                    Tloc           N/A          100%        2    ###....
 Call Imp                 Summ           #.....       100%        2    ###....
 Conjure Flame            Conj/Fire      #.......     100%        3    ####...
 Mephitic Cloud           Conj/Pois/Air  #.......     100%        3    ####...
 Spider Form              Tmut/Pois      #..          100%        3    ####...


Dungeon Overview and Level Annotations

Branches:
Dungeon (5/12)
 Temple: D:4-7

Altars:
Nemelex Xobeh
Ru
Trog
Uskayaw
Xom
Zin

Annotations:
D:5 Eustachio


Innate Abilities, Weirdness & Mutations

You have sharp fingernails.
A weak demonic guardian rushes to your aid.
When hurt, damage is shared between your health and your magic reserves.
You regenerate magic rapidly.


Message History

The shadow imp hits you but does no damage.
You barely miss Duvessa.
Duvessa is almost dead.
* * * LOW HITPOINT WARNING * * *
You feel very sick.
Duvessa hits you with a +1 short sword of venom.
* * * LOW HITPOINT WARNING * * *
You are more poisoned.
The shadow imp hits you but does no damage.
You hit Duvessa but do no damage.
Duvessa is almost dead.
* * * LOW HITPOINT WARNING * * *
You feel very sick. Duvessa hits you but does no damage.
You are more poisoned.
The shadow imp hits you but does no damage.
You slash Duvessa!
You kill Duvessa!
Your Stealth skill increases to level 1!
You die...

######## #......#
#......#####
#######......#...#
.................#########
####.........##.#........#
ยงยง.).#####.####.#........#
###### #.####.#........# #
#.....)@..[#.####
#.....5......#
*#..........###
#...<......## # ***
#...>......##### ###,*
**#..........#...#
...,***................#
###,,**............#...#
...,,,...............###**


You could see a shadow imp.

Vanquished Creatures
  Duvessa (D:5)
  A sky beast (D:5)
  An ogre (D:5)
  A centaur (D:5)
  Blork the orc (D:5)
  Dowan (D:5)
  2 jellies (D:5)
  An orc priest (D:5)
  3 worker ants
  Jessica (D:2)
  A hound skeleton (D:5)
  8 adders
  3 oozes
  6 worms (D:2)
  4 dart slugs
  5 leopard geckos
  7 orcs
  2 ball pythons (D:2)
  4 giant cockroaches (D:2)
  13 hobgoblins
  13 jackals
  5 kobolds
  2 quokkas
  3 bats
  2 frilled lizards
  8 goblins
  6 rats
105 creatures vanquished.

Vanquished Creatures (collateral kills)
  A sky beast (D:4)
1 creature vanquished.

Vanquished Creatures (others)
  5 toadstools (D:1)
5 creatures vanquished.

Grand Total: 111 creatures vanquished

Notes
Turn   | Place    | Note
-------+----------+-------------------------------------------
     0 | D:1      | Anathary the Demonspawn Fighter began the quest for the
                  | Orb.
     0 | D:1      | Reached XP level 1. HP: 18/18 MP: 1/1
   193 | D:1      | Gained mutation: A weak demonic guardian rushes to your
                  | aid. [demonic ancestry]
   193 | D:1      | Reached XP level 2. HP: 24/24 MP: 2/2
   265 | D:1      | Reached skill level 2 in Long Blades
   426 | D:1      | Reached XP level 3. HP: 28/29 MP: 3/3
  1388 | D:2      | Gained mutation: You have sharp fingernails. [demonic
                  | ancestry]
  1388 | D:2      | Reached XP level 4. HP: 27/35 MP: 4/4
  1489 | D:2      | Found a bloodstained altar of Trog.
  1763 | D:2      | Reached skill level 3 in Long Blades
  1878 | D:2      | Found a sacrificial altar of Ru.
  1984 | D:2      | Noticed Jessica
  1999 | D:2      | Killed Jessica
  2548 | D:3      | Reached XP level 5. HP: 38/41 MP: 5/5
  2937 | D:3      | Found a faded altar of an unknown god.
  3159 | D:4      | Noticed a sky beast
  3162 | D:4      | Found a shimmering altar of Xom.
  3168 | D:4      | Killed a sky beast
  3168 | D:4      | Gained mutation: When hurt, damage is shared between your
                  | health and your magic reserves. [demonic ancestry]
  3168 | D:4      | Reached XP level 6. HP: 41/48 MP: 6/6
  3195 | D:4      | Noticed an angel
  3212 | D:4      | Found a glowing silver altar of Zin.
  3226 | D:4      | Reached skill level 4 in Long Blades
  3508 | D:4      | Found a sparkling altar of Nemelex Xobeh.
  3750 | D:5      | Entered Level 5 of the Dungeon
  3973 | D:5      | Noticed a +0 hand axe
  3973 | D:5      | Noticed a +0 hand axe
  4006 | D:5      | Gained mutation: You regenerate magic rapidly. [demonic
                  | ancestry]
  4006 | D:5      | Reached XP level 7. HP: 16/54 MP: 4/7
  4209 | D:5      | Found a hide-covered altar of Uskayaw.
  4241 | D:5      | Noticed Blork the orc
  4262 | D:5      | Killed Blork the orc
  4262 | D:5      | Reached skill level 5 in Long Blades
  4379 | D:5      | Noticed Eustachio
  4383 | D:5      | Noticed Dowan
  4425 | D:5      | Killed Dowan
  4607 | D:5      | Noticed Duvessa
  4632 | D:5      | HP: 1/54 [poisoned by Duvessa]
  4633 | D:5      | Killed Duvessa
  4633 | D:5      | Reached skill level 1 in Stealth
  4633 | D:5      | Succumbed to Duvessa's poison

Skill      XL: |  1  2  3  4  5  6  7 |
---------------+----------------------+-----
Shields        | 3 4 |  4.8
Long Blades    | 2 3 4 5 |  5.6
Armour         | 3 4 |  4.1
Fighting       | 4 |  4.4
Stealth        | 1 |  1.0
Unarmed Combat | |  0.6

Action                   |  1- 3 |  4- 6 |  7- 9 || total
-------------------------+-------+-------+-------++-------
Melee: Long sword        |   155 |   196 |    45 ||   396
       Unarmed           |       |       |    26 ||    26
  Use: Scroll            |     4 |     7 |     4 ||    15
 Stab: Distracted        |       |       |     3 ||     3
  Eat: Ration            |     1 |     2 |       ||     3
       Chunk             |       |     3 |       ||     3
Armor: Scale mail        |    50 |    67 |    12 ||   129
       Plate armour      |       |       |     9 ||     9
Dodge: Dodged            |    39 |    44 |    22 ||   105
Block: Medium shield     |    78 |    91 |    20 ||   189
